 Dungeon Crawl Stone Soup version 0.30-a0-696-g2367cd04db (webtiles) character file.

Game seed: 11601393810535316247

2823 Chaicat the Protected (level 9, -2/84 HPs)
             Began as a Minotaur Fighter on Jan 18, 2023.
             Slain by a kobold brigand
             ... wielding a +0 whip
              (4 damage)
             ... on level 6 of the Dungeon on Jan 20, 2023.
             The game lasted 00:17:13 (5500 turns).

Chaicat the Protected (Minotaur Fighter)            Turns: 5500, Time: 00:17:14

Health: -2/84      AC: 10    Str: 25    XL:     9   Next: 45%
Magic:  8/8        EV:  8    Int:  5    God:
Gold:   349        SH:  5    Dex: 10    Spells: 8/8 levels left

rFire   x . .      SeeInvis +    a - +1 war axe
rCold   . . .      Faith    .    c - +0 buckler
rNeg    . . .      Spirit   .    e - +0 chain mail
rPois   .          Reflect  .    (helmet restricted)
rElec   .          Harm     .    u - +0 cloak
rCorr   .          Rampage  +    (no gloves)
Will    .....                    v - +0 pair of boots {rampage} Stlth
                                 (no amulet)
HPRegen 0.34/turn                q - ring of see invisible
MPRegen 0.11/turn                (no ring)

@: mighty, lethally poisoned (-2 -> -5), slowed, very slow
A: horns 2, retaliatory headbutt, deformed body, mutation resistance 1, heat
vulnerability 1, MP-powered wands
a: no special abilities


You were on level 6 of the Dungeon.
You visited 1 branch of the dungeon, and saw 6 of its levels.

You collected 349 gold pieces.

Inventory:

Hand Weapons
 a - a +1 war axe (weapon)
Armour
 c - a +0 buckler (worn)
 e - a +0 chain mail (worn)
 u - a +0 cloak (worn)
 v - a +0 pair of boots of rampaging (worn)
Jewellery
 g - an amulet of faith
 q - a ring of see invisible (left hand)
Wands
 r - a wand of digging (4)
 w - a wand of paralysis (7)
Scrolls
 h - a scroll of noise
 m - a scroll of fog
 p - 3 scrolls of teleportation
 s - a scroll of identify
 t - a scroll of fear
Potions
 b - 3 potions of flight
 d - 2 potions of might
 f - a potion of heal wounds
 i - 2 potions of brilliance
 j - 2 potions of curing
 k - a potion of degeneration {unknown}
 l - a potion of haste {unknown}
 n - 2 potions of lignification
 o - a potion of invisibility {unknown}


   Skills:
 + Level 9.5 Fighting
 + Level 9.2 Axes
 + Level 9.6 Armour
 - Level 5.0 Shields


You had 8 spell levels left.
You didn't know any spells.
Your spell library contained the following spells:

 Spells                   Type           Power      Damage    Failure   Level
 Shock                    Conj/Air       0%         1d3       98%         1
 Cigotuvi's Dreadful Rot  Necr/Pois/Air  0%         N/A       99%         2
 Lesser Beckoning         Tloc           0%         N/A       99%         2
 Poisonous Vapours        Pois/Air       0%         N/A       99%         2
 Gell's Gravitas          Tloc           0%         N/A       100%        3
 Mephitic Cloud           Conj/Pois/Air  0%         N/A       100%        3
 Stone Arrow              Conj/Erth      0%         3d7       100%        3
 Swiftness                Air            0%         N/A       100%        3
 Teleport Other           Tloc           0%         N/A       100%        3
 Airstrike                Air            0%         2d(0-16)  100%        4
 Animate Armour           Summ/Erth      0%         N/A       100%        4
 Lehudib's Crystal Spear  Conj/Erth      0%         10d2      100%        8


Dungeon Overview and Level Annotations

Branches:
Dungeon (6/15)
 Temple: D:4-7

Altars:
Cheibriados
Fedhas
Qazlal
Trog

Shops:
D:1 (   D:6 ![


Innate Abilities, Weirdness & Mutations

You have a pair of horns on your head.
You reflexively headbutt those who attack you in melee.
Armour fits poorly on your strangely shaped body.
You are somewhat resistant to further mutation.
You are vulnerable to heat. (rF-)
You expend magic power (3 MP) to strengthen your wands.


Message History

a +0 spear; a +0 flail You feel much better.
You rampage towards the orc priest!
You hit the orc priest. You headbutt the orc priest!
You kill the orc priest!
Things that are here:
a +0 short sword; a +0 plate armour; an orc corpse You now have 349 gold pieces (gained 13).
Items here: ))) [[.
Things that are here:
a +0 flail; a +0 leather armour The kobold brigand throws a curare-tipped dart.
The curare-tipped dart hits you.
You are poisoned.
You have difficulty breathing.
* * * LOW HITPOINT WARNING * * *
You feel yourself slow down.
You rampage towards the kobold brigand!
You feel very sick. The kobold brigand misses you.
The kobold brigand closely misses you. You furiously retaliate!
You headbutt the kobold brigand! The kobold brigand barely misses you.
You slash the kobold brigand!
The kobold brigand is heavily wounded.
You slash the kobold brigand!
You feel sick.
The kobold brigand hits you with a +0 short sword.
* * * LOW HITPOINT WARNING * * *
The kobold brigand hits you with a +0 whip.
* * * LOW HITPOINT WARNING * * *
The kobold brigand barely misses you.
You closely miss the kobold brigand.
Your headbutt misses the kobold brigand.
The kobold brigand is heavily wounded.
You hit the kobold brigand.
You feel sick.
The kobold brigand hits you with a +0 whip!
* * * LOW HITPOINT WARNING * * *
The kobold brigand hits you with a +0 short sword.
* * * LOW HITPOINT WARNING * * *
The kobold brigand hits you with a +0 whip.
You die...

.).................
≈~~≈~~~≈....)~~~~~~
≈≈~≈≈≈≈~...†~≈~≈≈≈≈
~~~~~~~≈..))~≈~~~~~
...................
########''''#########
#..))#.......#
..#...)#....K..#
...'....))..@K))#
###############)#
#.K.)..)# K...K.....#
~.........#
..#......... .
########... .). ....#
### #####


You could see 2 kobold brigands.

Vanquished Creatures
  Grinder (D:4)
  A water moccasin (D:5)
  2 black bears
  An ice beast (D:6)
  2 orc warriors (D:6)
  4 ogres
  2 phantoms (D:5)
  2 kobold brigands (D:6)
  A bullfrog (D:6)
  A scorpion (D:6)
  Blork the orc (D:4)
  A necrophage (D:6)
  4 wights (D:6)
  2 howler monkeys (D:6)
  5 hounds
  4 orc priests (D:6)
  3 gnoll boudas
  Terence (D:3)
  5 orc wizards
  18 gnolls
  8 adders
  An ufetubus (D:6)
  2 worms (D:2)
  21 orcs
  9 bats
  7 endoplasms
  7 giant cockroaches
  11 goblins
  10 hobgoblins
  7 quokkas
  12 ball pythons
  2 frilled lizards
  4 kobolds
  6 rats
168 creatures vanquished.

Vanquished Creatures (others)
  2 fungi (D:1)
2 creatures vanquished.

Grand Total: 170 creatures vanquished

Notes
Turn   | Place    | Note
-------+----------+-------------------------------------------
     0 | D:1      | Chaicat the Minotaur Fighter began the quest for the Orb.
     0 | D:1      | Reached XP level 1. HP: 19/19 MP: 0/0
    37 | D:1      | Found Muots's Antique Weapon Shoppe.
   102 | D:1      | Reached XP level 2. HP: 27/27 MP: 1/1
   700 | D:1      | Found a faded altar of an unknown god.
   910 | D:2      | Reached XP level 3. HP: 33/33 MP: 2/2
   910 | D:2      | Upgraded the game from 0.30-a0-672-gc3a7216ad8 to
                  | 0.30-a0-696-g2367cd04db
  1339 | D:2      | Reached XP level 4. HP: 40/40 MP: 3/3
  1896 | D:3      | Noticed Terence
  1906 | D:3      | Killed Terence
  1965 | D:3      | Reached XP level 5. HP: 47/47 MP: 4/4
  2244 | D:3      | Found a bloodstained altar of Trog.
  2423 | D:3      | Found a snail-covered altar of Cheibriados.
  2739 | D:4      | Reached skill level 5 in Armour
  2739 | D:4      | Reached skill level 5 in Shields
  2786 | D:4      | Reached skill level 5 in Fighting
  2789 | D:4      | Noticed an ogre
  2797 | D:4      | Killed an ogre
  2798 | D:4      | Reached XP level 6. HP: 40/56 MP: 5/5
  2856 | D:4      | Noticed Blork the orc
  2862 | D:4      | Killed Blork the orc
  2917 | D:4      | Noticed Grinder
  2934 | D:4      | Paralysed by Grinder for 5 turns
  2944 | D:4      | Paralysed by Grinder for 5 turns
  2949 | D:4      | Killed Grinder
  2950 | D:4      | Reached skill level 5 in Axes
  2950 | D:4      | Reached XP level 7. HP: 37/63 MP: 6/6
  3398 | D:5      | Entered Level 5 of the Dungeon
  3426 | D:5      | HP: 3/64 [poisoned by a water moccasin]
  3653 | D:5      | Gained mutation: You expend magic power (3 MP) to
                  | strengthen your wands. [potion of mutation]
  3653 | D:5      | Gained mutation: Armour fits poorly on your strangely
                  | shaped body. [potion of mutation]
  3653 | D:5      | Gained mutation: You are vulnerable to heat. (rF-) [potion
                  | of mutation]
  3653 | D:5      | Gained mutation: You are somewhat resistant to further
                  | mutation. [potion of mutation]
  4026 | D:5      | Found a stormy altar of Qazlal.
  4245 | D:5      | Reached XP level 8. HP: 61/73 MP: 7/7
  4744 | D:6      | Found a blossoming altar of Fedhas.
  4861 | D:6      | Found Dusorid's Distillery.
  4973 | D:6      | Found Uggo's Armour Boutique.
  5387 | D:6      | Reached XP level 9. HP: 82/82 MP: 8/8
  5487 | D:6      | HP: 1/84 [orc priest/divine providence (11)]
  5500 | D:6      | HP: 3/84 [kobold brigand/+0 whip (7)]
  5500 | D:6      | Slain by a kobold brigand

Illustrated notes

Levels and vault maps discovered:
D:1:      saegor_arrival_simple_b, layout_loops_cross,
          shapermc_ecumenical_altar_petra, serial_shops, shop,
          minmay_pentomino_s2
D:2:      minmay_razor_zed, layout_basic
D:3:      layout_loops_ring, trog_three_pillars_becter, general_overflow_altar,
          uniq_terence
D:4:      layout_gridville, minivault_27, uniq_grinder, uniq_blork_the_orc
D:5:      layout_gridville, mainiacjoe_overflow_cross_hatched
D:6:      lemuel_castle_with_subvaults [lemuel_castle_interior_carwin_3],
          layout_basic, fedhas_ov_isle_minmay, serial_shops, shop_statue,
          shop_fountains, shop, minmay_door_square, minmay_misc_feat_nine_boxes

Skill      XL: |  1  2  3  4  5  6  7  8  9 |
---------------+----------------------------+-----
Fighting       | 4 5 6 7 8 9 |  9.5
Armour         | 4 5 6 7 8 9 |  9.6
Shields        | 4 5 |  5.0
Axes           | 3 4 5 6 8 9 |  9.2

Action                   |  1- 3 |  4- 6 |  7- 9 || total
-------------------------+-------+-------+-------++-------
Melee: War axe           |   103 |   106 |   200 ||   409
       Headbutt          |     9 |    29 |    40 ||    78
  Use: Scroll            |     4 |     8 |     6 ||    18
       Potion            |       |       |     5 ||     5
Armor: Scale mail        |    24 |       |       ||    24
       Chain mail        |    50 |    65 |    78 ||   193
Dodge: Dodged            |    54 |    31 |    87 ||   172
Block: Buckler           |    31 |    29 |    45 ||   105

Table legend: (Time is in decaauts)
 A = Elapsed time spent in this place.
 B = Non-inter-level travel time spent in this place.
 C = Inter-level travel time spent in this place.
 D = Time resting spent in this place.
 E = Time spent auto-exploring this place.
 F = Levels seen in this place.
 G = Mean time per level.
                   A        B        C        D        E       F      G
               +--------+--------+--------+--------+--------+-----+--------+
         Total |   5614 |   5418 |    196 |    430 |   3855 |   6 |  935.7 |
       Dungeon |   5614 |   5418 |    196 |    430 |   3855 |   6 |  935.7 |
               +--------+--------+--------+--------+--------+-----+--------+

Top non-repeatable levels by time:
     D:5: 1327 daAuts
     D:2: 1122 daAuts
     D:4: 822 daAuts
     D:6: 806 daAuts
     D:1: 770 daAuts
     D:3: 765 daAuts
